 Dungeon Crawl Stone Soup version 0.30.0-29-ga12c61a403 (webtiles) character file.

Game seed: 17089878301996619768

1992 loir the Trooper (level 9, -4/68 HPs)
             Began as a Djinni Conjurer on June 19, 2023.
             Was a Follower of Makhleb.
             Slain by Edmund
             ... wielding a +3 flail of protection
              (7 damage)
             ... on level 5 of the Dungeon on June 20, 2023.
             The game lasted 00:30:10 (6346 turns).

loir the Trooper (Djinni Conjurer)                  Turns: 6346, Time: 00:30:11

Health: -4/68      AC:  6    Str:  6    XL:     9   Next: 44%
Gold:   254        EV: 14    Int: 25    God:    Makhleb [*.....] SH:  0 Dex: 11

rFire   + + +        i - +3 dagger of Capital Punishment {flame, Contam rC+ rCorr}
rCold   + . .        (no shield)
rNeg    . . .        a - +0 robe
rPois   ∞            t - +0 helmet
rElec   .            f - +1 cloak
rCorr   +            g - +0 pair of gloves
SInv    +            (boots unavailable)
Will    .....        (no amulet)
Stlth   ++           h - ring of the King {Fly rPois rF+ rC+}
HPRegen 0.31/turn    q - ring of see invisible
MPRegen 0.00/turn

%: infuse magic (-5 HP)
@: flying
A: sickness immunity, fire resistance 2, cold vulnerability 1, float, innate
caster, HP casting, extra vitality 1
a: Renounce Religion


You were on level 5 of the Dungeon.
You worshipped Makhleb.
Makhleb was aware of your devotion.
You visited 2 branches of the dungeon, and saw 8 of its levels.

You collected 254 gold pieces.

Inventory:

Hand Weapons
 i - the +3 dagger of Capital Punishment (weapon) {flame, Contam rC+ rCorr}
   (You found it on level 3 of the Dungeon)

   rC:        It protects you from cold.
   Contam:    It causes magical contamination when unequipped.
   rCorr:     It protects you from acid and corrosion.
 k - a +1 short sword of speed
 n - a +2 dagger of venom
Armour
 a - a +0 robe (worn)
 f - a +1 cloak (worn)
 g - a +0 pair of gloves (worn)
 t - a +0 helmet (worn)
Jewellery
 h - the ring of the King (left hand) {Fly rPois rF+ rC+}
   (You found it on level 2 of the Dungeon)

   [ring of flight]

   rF:        It protects you from fire.
   rC:        It protects you from cold.
   rPois:     It protects you from poison.
   Fly:       It grants you flight.
 q - a ring of see invisible (right hand)
Scrolls
 d - 3 scrolls of teleportation
 l - a scroll of blinking
 m - 2 scrolls of poison
 o - 2 scrolls of immolation
 r - 3 scrolls of enchant armour
Potions
 b - a potion of invisibility
 c - a potion of berserk rage
 e - a potion of mutation
 j - a potion of ambrosia {unknown}
 p - a potion of attraction {unknown}
 u - 2 potions of might
 w - a potion of haste {unknown}
 x - a potion of lignification {unknown}
Miscellaneous
 s - a phantom mirror


   Skills:
 * Level 7.4 Fighting
 + Level 6.1 Dodging
 - Level 1.5 Stealth
 * Level 6.5 Spellcasting


You knew the following spells:

 Your Spells              Type           Power      Damage    Failure   Level
a - Magic Dart            Conj           100%       1d8       1%          1
b - Searing Ray           Conj           82%        2d7       1%          2
c - Dazzling Flash        Conj/Hex       82%        N/A       1%          3
d - Fulminant Prism       Conj/Hex       20%        3d12      4%          4
e - Iskenderun's Mystic   Conj/Tloc      41%        2d9       4%          4
f - Beastly Appendage     Tmut           82%        N/A       1%          1
g - Scorch                Fire           82%        2d8       1%          2
h - Blink                 Tloc           82%        N/A       1%          2
i - Spider Form           Tmut/Pois      41%        N/A       1%          3
Your spell library was empty.

Dungeon Overview and Level Annotations

Branches:
Dungeon (7/15)             Temple (1/1) D:4

Altars:
Ashenzari
Dithmenos
Elyvilon
Gozag
Hepliaklqana
Makhleb
Nemelex Xobeh
Okawaru
Qazlal
Ru
Trog
Uskayaw
Wu Jian
Xom
Yredelemnul
The Shining One

Annotations:
D:5 Edmund


Innate Abilities, Weirdness & Mutations

You are immune to sickness and miasma.
You are immune to poison.
Your flesh is very heat resistant. (rF++)
You are vulnerable to cold. (rC-)
You float through the air rather than walking.
You learn spells naturally, not from books.
Your magical power is your life essence.
You have superior vitality. (+4 MHP)


Message History

Edmund is heavily wounded.
Edmund is knocked back by the mystic blast.
Edmund collides with the bullfrog zombie!
The bullfrog zombie is heavily damaged.
* * * LOW HITPOINT WARNING * * *
Edmund is no longer more vulnerable to fire.
A hornet zombie comes into view.
The bullfrog zombie hits you.
* * * LOW HITPOINT WARNING * * *
Edmund hits you with a +3 flail of protection.
* * * LOW HITPOINT WARNING * * *
There is a stone staircase leading up here.
The bullfrog zombie closely misses you.
Edmund hits you with a +3 flail of protection!
* * * LOW HITPOINT WARNING * * *
You fly upwards.
There is a stone staircase leading down here.
You feel much better.
Edmund hits you with a +3 flail of protection.
* * * LOW HITPOINT WARNING * * *
Casting: Iskenderun's Mystic Blast (dangerous; 4% risk of failure)
Confirm with . or Enter, or press ? or * to list all spells.
Flames lash Edmund.
Edmund is almost dead.
Edmund's fire resistance burns away.
* * * LOW HITPOINT WARNING * * *
Edmund hits you with a +3 flail of protection!
* * * LOW HITPOINT WARNING * * *
Casting: Scorch (safe; 1% risk of failure)
Confirm with . or Enter, or press ? or * to list all spells.
Flames lash Edmund.
Edmund is burned terribly!
Edmund is almost dead.
* * * LOW HITPOINT WARNING * * *
Edmund barely misses you.
Casting: Scorch (safe; 1% risk of failure)
Confirm with . or Enter, or press ? or * to list all spells.
Flames lash Edmund but do no damage.
* * * LOW HITPOINT WARNING * * *
Edmund hits you with a +3 flail of protection!
You die...

†#########.# #.# ## #.# ####.#
### ##'## #....# ..# ##...##
#.#### ## ..# ##.....######.###
#. ..# ##.......##......# #.
..####.........#.##...##########.
.....'......[..+.@...............
..####.........#@##...###########
..# ##.......##......# # ..#
##.....###..###.# ### ##...##
#..# #.# ##+## #..###># #.#
#......# ## #.# ##.#####
.#########.######=#
......##..........#


You could see Edmund (combustible).

Vanquished Creatures
  Sigmund (D:4)
  3 yaks
  A water moccasin (D:6)
  An ice beast (D:4)
  3 ogres
  A phantom (D:5)
  A bullfrog (D:6)
  A water moccasin zombie (D:6)
  2 howler monkeys
  3 centaur zombies (D:6)
  4 bullfrog zombies (D:6)
  5 hounds
  An orc priest (D:6)
  An iguana (D:5)
  An orc wizard (D:6)
  A howler monkey skeleton (D:6)
  7 adders
  2 gnolls
  A shadow imp (D:6)
  A worm (D:3)
  A dart slug (D:2)
  20 orcs
  5 ball pythons
  5 endoplasms
  5 giant cockroaches
  8 goblins
  6 hobgoblins
  15 jackals
  13 kobolds
  2 quokkas
  3 bats
  7 frilled lizards
  7 rats
138 creatures vanquished.

Vanquished Creatures (others)
  12 fulminant prisms
12 creatures vanquished.

Grand Total: 150 creatures vanquished

Notes
Turn   | Place    | Note
-------+----------+-------------------------------------------
     0 | D:1      | loir the Djinni Conjurer began the quest for the Orb.
     0 | D:1      | loir set off with the following spells memorised: Magic
                  | Dart, Searing Ray, Dazzling Flash, Fulminant Prism,
                  | Iskenderun's Mystic Blast.
     0 | D:1      | Reached XP level 1. HP: 15/15 MP: 0/0
   176 | D:1      | Reached XP level 2. HP: 21/22 MP: 0/0
   180 | D:1      | Reached skill level 1 in Fighting
   343 | D:1      | Reached XP level 3. HP: 5/27 MP: 0/0
   343 | D:1      | Learned a level 1 spell: Beastly Appendage
  1368 | D:2      | Identified the +0 leather armour "Hem Ydel" {Harm rPois
                  | SInv}
  1394 | D:2      | Identified the ring of the King {Fly rPois rF+ rC+}
  1423 | D:2      | Found an iron altar of Okawaru.
  1544 | D:2      | Reached skill level 2 in Fighting
  1669 | D:2      | Reached XP level 4. HP: 32/33 MP: 0/0
  2311 | D:3      | Identified the +3 dagger of Capital Punishment {flame,
                  | Contam rC+ rCorr}
  2651 | D:3      | Reached XP level 5. HP: 38/39 MP: 0/0
  2651 | D:3      | Learned a level 2 spell: Scorch
  2704 | D:3      | Reached skill level 3 in Fighting
  2967 | D:4      | Noticed Sigmund
  2978 | D:4      | Killed Sigmund
  2979 | D:4      | Reached XP level 6. HP: 18/47 MP: 0/0
  3323 | D:4      | Noticed an ogre
  3328 | D:4      | Killed an ogre
  3329 | D:4      | Reached skill level 4 in Fighting
  3329 | D:4      | Reached XP level 7. HP: 43/52 MP: 0/0
  3329 | D:4      | Learned a level 2 spell: Blink
  3629 | D:4      | Found a staircase to the Ecumenical Temple.
  3638 | Temple   | Entered the Ecumenical Temple
  3722 | Temple   | Became a worshipper of Makhleb the Destroyer
  4394 | D:5      | Entered Level 5 of the Dungeon
  4490 | D:5      | Reached skill level 5 in Spellcasting
  4685 | D:5      | Reached skill level 5 in Fighting
  4712 | D:5      | Reached XP level 8. HP: 31/59 MP: 0/0
  5325 | D:5      | Found a bloodstained altar of Trog.
  5462 | D:6      | Reached * piety under Makhleb
  5463 | D:6      | Reached skill level 5 in Dodging
  5725 | D:6      | Reached skill level 6 in Fighting
  5840 | D:6      | You are sucked into a shaft and drop 1 floor!
  5925 | D:7      | Noticed a yak
  5925 | D:7      | Noticed a yak
  5925 | D:7      | Noticed a yak
  5929 | D:7      | Noticed a yak
  5940 | D:7      | Killed a yak
  5941 | D:7      | Reached XP level 9. HP: 61/67 MP: 0/0
  5941 | D:7      | Learned a level 3 spell: Spider Form
  5956 | D:6      | Reached skill level 7 in Fighting
  6326 | D:6      | Noticed Edmund
  6341 | D:6      | HP: 2/68 [Edmund/+3 flail of protection (8)]
  6346 | D:5      | Slain by Edmund

Illustrated notes

Levels and vault maps discovered:
D:1:      scummos_arrival_checkerplants, layout_loops_corners,
          lexackson_kobold_supper
D:2:      layout_basic, basic_altar
D:3:      layout_rooms, cheibrodos_gnoll_hut
D:4:      layout_loops_corners, lemuel_temple_firewalk_a,
          guppyfry_early_lair_pool, uniq_sigmund
D:5:      layout_loops_corners, general_overflow_altar, minmay_checkerbox
D:6:      layout_loops_corners, serial_undead, serial_undead_c, serial_undead_d,
          serial_undead_c, serial_undead_c, serial_undead_a, serial_undead_a,
          serial_undead_e, serial_undead_e, uniq_edmund
D:7:      layout_basic, serial_shops, nicolae_square_shop, uniq_pikel,
          uniq_joseph
Temple:   nicolae_temple_slightly_damp_pantheon

Skill      XL: |  1  2  3  4  5  6  7  8  9 |
---------------+----------------------------+-----
Fighting       | 1 2 3 4 5 6 7 |  7.4
Dodging        | 3 4 5 6 |  6.1
Spellcasting   | 4 5 6 |  6.5
Stealth        | |  1.5

Action                     |  1- 3 |  4- 6 |  7- 9 || total
---------------------------+-------+-------+-------++-------
  Melee: Dagger            |    16 |    23 |   112 ||   151
         Punch             |       |       |     2 ||     2
   Cast: Magic Dart        |    72 |    90 |   106 ||   268
         Scorch            |       |     3 |    17 ||    20
         Searing Ray       |       |     2 |     1 ||     3
         Fulminant Prism   |       |     3 |     9 ||    12
         Iskenderun's Myst |       |       |     5 ||     5
    Use: Scroll            |     9 |     2 |     5 ||    16
         Potion            |       |       |     1 ||     1
 Armour: Robe              |     2 |    13 |    67 ||    82
  Dodge: Dodged            |     9 |    22 |    87 ||   118
